[Event "Titled Tuesday Blitz June 27 Late 2023"]
[White "liwadas82"]
[Black "Ezat, Mohamed"]
[BlackFideId "10600906"]
[WhiteElo "2463"]
[BlackElo "2560"]
[Result "1-0"]
[Round "11"]
[TimeControl "180+2"]
[Date "2023.06.27"]
[WhiteClock "0:00:11"]
[BlackClock "0:00:40"]
[Board "51"]

1. e4 e5 2. Nf3 Nc6 3. Bb5 a6 4. Ba4 Nf6 5. d4 b5 6. Bb3 Nxd4 7. Nxd4 exd4 8. e5 Ne4 9. Bd5 Nc5 10. Bxa8 c6 11. Qxd4 Qc7 12. O-O Qb8 13. Bxc6 dxc6 14. Be3 Be7 15. Nc3 O-O 16. Rad1 Bf5 17. Rd2 Ne6 18. Qa7 Qxa7 19. Bxa7 Bb4 20. Rfd1 Bg4 21. f3 Bf5 22. g4 Bg6 23. a3 Ba5 24. Rd6 Ra8 25. Be3 h5 26. Rxc6 Bxc2 27. Rdd6 Bc7 28. Rxe6 fxe6 29. Rxc7 hxg4 30. fxg4 Rd8 31. Kf2 Bd3 32. Rc6 Bc4 33. Ne4 Rd3 34. Nd6 Bd5 35. Rxa6 Rb3 36. Bd4 Rf3+ 37. Ke2 Rh3 38. Nxb5 Rxh2+ 39. Ke3 Rg2 40. Nd6 Rxg4 41. Rb6 Rg3+ 42. Ke2 g5 43. Ne8 Bc4+ 44. Kf2 Rd3 45. Nf6+ Kf7 46. Be3 Kg6 47. Rb8 Kf5 48. Rg8 g4 49. Rxg4 Kxe5 50. Rxc4 Kxf6 51. Ke2 Rb3 52. Rb4 Rxb4 53. axb4 Ke5 54. Kd3 Kd5 55. b5 e5 56. b6 Kc6 57. Ke4 Kb7 58. Kxe5 Kc6 59. Ke6 Kb7 60. Kd7 Kb8 61. Kc6 Ka8 62. b7+ Kb8 63. Bf4+ Ka7 64. b8=Q+ Ka6 65. Qb6# 1-0


[Site "https://www.chess.com"]

[Event "Titled Tuesday Blitz June 27 Late 2023"]
[White "Cruz, Jonathan"]
[Black "ArchibaldCerveza29"]
[WhiteFideId "3802124"]
[WhiteElo "2765"]
[BlackElo "2520"]
[Result "0-1"]
[Round "11"]
[TimeControl "180+2"]
[Date "2023.06.27"]
[WhiteClock "0:00:22"]
[BlackClock "0:00:24"]
[Board "52"]

1. Nf3 d5 2. d4 Nf6 3. c4 e6 4. Nc3 Be7 5. e3 O-O 6. Bd3 dxc4 7. Bxc4 a6 8. O-O b5 9. Be2 Bb7 10. Ne5 c5 11. Bf3 Bxf3 12. Qxf3 Ra7 13. Rd1 cxd4 14. exd4 Nfd7 15. Be3 Nxe5 16. dxe5 Rd7 17. Ne4 Nc6 18. Nf6+ Bxf6 19. Rxd7 Nxe5 20. Rxd8 Nxf3+ 21. gxf3 Rxd8 22. a4 b4 23. Rb1 b3 24. Rc1 h5 25. Kf1 Rb8 26. Rb1 Rb4 27. a5 Ra4 28. Ke2 Rxa5 29. Kd3 Ra2 30. Bc1 a5 31. Kc4 a4 32. f4 Kh7 33. Kd3 Kg6 34. Ke4 h4 35. h3 a3 36. bxa3 b2 37. Bxb2 Rxb2 38. Rg1+ Kh7 39. Rd1 Ra2 40. Ke3 Rxa3+ 41. Ke2 Rxh3 42. Rd7 Kg6 43. Ra7 Rc3 44. Ra4 h3 45. Ra1 Rc2+ 46. Kf3 Bxa1 47. Kg4 Rxf2 48. Kxh3 Rxf4 49. Kg3 Rf5 50. Kg4 Kf6 51. Kh3 e5 52. Kg4 e4 53. Kh4 e3 54. Kg4 e2 55. Kh3 e1=Q 56. Kg4 Qe4+ 57. Kh3 Rf3+ 58. Kg2 Qe2+ 59. Kh1 Rf1# 0-1


[Site "https://www.chess.com"]

[Event "Titled Tuesday Blitz June 27 Late 2023"]
[White "Bilan, Danila"]
[Black "Fisher_TheGalactic"]
[WhiteFideId "24161918"]
[WhiteElo "2514"]
[BlackElo "2672"]
[Result "1-0"]
[Round "11"]
[TimeControl "180+2"]
[Date "2023.06.27"]
[WhiteClock "0:00:15"]
[BlackClock "0:00:59"]
[Board "53"]

1. d4 d5 2. Nf3 Nf6 3. c4 e6 4. Nc3 Be7 5. Bg5 O-O 6. e3 h6 7. Bh4 Ne4 8. Bxe7 Qxe7 9. Nxe4 dxe4 10. Nd2 f5 11. g3 c5 12. Nb3 Nd7 13. Be2 e5 14. Nxc5 Nxc5 15. dxc5 f4 16. Qd5+ Kh8 17. Qxe4 Bf5 18. Qf3 fxg3 19. hxg3 Qxc5 20. Qd5 Qb4+ 21. Qd2 Qb6 22. O-O-O Be4 23. Rh4 Bc6 24. f4 exf4 25. exf4 Rad8 26. Qc3 Rxd1+ 27. Bxd1 Kg8 28. c5 Qc7 29. Bb3+ Kh7 30. Bc2+ Kg8 31. Qc4+ Kh8 32. Qd3 Kg8 33. Qh7+ Kf7 34. Rxh6 Be4 35. Qxe4 gxh6 36. Qh7+ Ke6 37. Qxc7 Re8 38. Qe5+ Kd7 39. Bf5+ Kd8 40. Qd6# 1-0


[Site "https://www.chess.com"]

[Event "Titled Tuesday Blitz June 27 Late 2023"]
[White "marik_spb"]
[Black "Karttunen, Mika"]
[BlackFideId "502081"]
[WhiteElo "2472"]
[BlackElo "2625"]
[Result "0-1"]
[Round "11"]
[TimeControl "180+2"]
[Date "2023.06.27"]
[WhiteClock "0:00:03"]
[BlackClock "0:00:11"]
[Board "54"]

1. d4 Nf6 2. c4 e6 3. Nf3 Bb4+ 4. Bd2 Qe7 5. g3 Bxd2+ 6. Nbxd2 d6 7. Bg2 Nc6 8. O-O e5 9. d5 Nb8 10. b4 O-O 11. Qc2 c6 12. e4 Na6 13. a3 Bd7 14. Rac1 Rac8 15. Qd3 Rfd8 16. dxc6 Bxc6 17. Ne1 Nc7 18. Nc2 Ne6 19. Ne3 Nd4 20. Nd5 Nxd5 21. exd5 Bd7 22. Rfe1 Qf6 23. Ne4 Qg6 24. Qd1 Bg4 25. Qa4 Ne2+ 26. Rxe2 Bxe2 27. Qxa7 Bd3 28. Nd2 Qg5 29. Qe3 Qxe3 30. fxe3 f5 31. Rc3 e4 32. Bf1 b5 33. Bxd3 exd3 34. Rxd3 bxc4 35. Rc3 Re8 36. Kf2 Re7 37. Rxc4 Ra8 38. Rc3 Rea7 39. Nc4 Rc7 40. Ke2 Kf8 41. Kd3 Ke7 42. Kd4 g5 43. b5 Ra4 44. b6 Rb7 45. Kd3 Kd7 46. Rb3 Rb8 47. Rb5 Rb7 48. Rb3 Rb8 49. b7 Kc7 50. Rb6 Rxc4 51. Rxd6 Kxd6 52. Kxc4 Rxb7 53. a4 Ra7 54. Kb5 Kxd5 55. a5 Ke4 56. Kb6 Ra8 57. a6 Kxe3 58. Kb7 Rxa6 59. Kxa6 f4 60. gxf4 gxf4 61. Kb5 f3 0-1


[Site "https://www.chess.com"]

[Event "Titled Tuesday Blitz June 27 Late 2023"]
[White "Kavutskiy, Konstantin"]
[Black "Gulamali, Kazim"]
[WhiteFideId "2026384"]
[BlackFideId "2024764"]
[WhiteElo "2616"]
[BlackElo "2465"]
[Result "1/2-1/2"]
[Round "11"]
[TimeControl "180+2"]
[Date "2023.06.27"]
[WhiteClock "0:01:19"]
[BlackClock "0:00:45"]
[Board "55"]

1. d4 Nf6 2. c4 e6 3. Nf3 d5 4. Nc3 a6 5. cxd5 exd5 6. Bf4 Bd6 7. Be5 c6 8. e3 Qe7 9. Bd3 Nbd7 10. Bxd6 Qxd6 11. O-O O-O 12. Qc2 Re8 13. Rab1 a5 14. a3 b5 15. h3 Nb6 16. Ne2 a4 17. Nf4 Nc4 18. Bxc4 bxc4 19. Ne2 Ne4 20. Nc3 Bf5 21. Nh4 Bd7 22. Nxa4 Qf6 23. Nb6 Bxh3 24. Nxa8 Qxh4 25. Nc7 Bxg2 26. Kxg2 Qg4+ 27. Kh2 Qh4+ 28. Kg2 Qg4+ 29. Kh2 Qh4+ 30. Kg2 1/2-1/2


[Site "https://www.chess.com"]

[Event "Titled Tuesday Blitz June 27 Late 2023"]
[White "Weishaeutel, Moritz"]
[Black "Sukandar, Irine Kharisma"]
[WhiteFideId "12967300"]
[BlackFideId "7101937"]
[WhiteElo "2615"]
[BlackElo "2464"]
[Result "1-0"]
[Round "11"]
[TimeControl "180+2"]
[Date "2023.06.27"]
[WhiteClock "0:01:42"]
[BlackClock "0:00:40"]
[Board "56"]

1. e4 c5 2. d4 cxd4 3. c3 d3 4. Bxd3 Nc6 5. Nf3 g6 6. c4 Bg7 7. Nc3 Nf6 8. h3 d6 9. O-O O-O 10. Be3 h6 11. Qd2 Kh7 12. Rad1 Be6 13. b3 Nd7 14. Nd5 a5 15. Nf4 Nde5 16. Nxe5 Nxe5 17. Nxe6 fxe6 18. Bc2 a4 19. f4 axb3 20. axb3 Nc6 21. e5 dxe5 22. Bxg6+ Kh8 23. Qe2 Nd4 24. Qh5 exf4 25. Rxd4 fxe3 26. Rxd8 Raxd8 27. Re1 Rd2 28. Rxe3 Rff2 29. Rg3 Rfe2 30. Bd3 Re1+ 31. Kh2 Rxd3 32. Rxd3 Be5+ 33. g3 1-0


[Site "https://www.chess.com"]

[Event "Titled Tuesday Blitz June 27 Late 2023"]
[White "HamedWafa4"]
[Black "Luong Phuong Hanh"]
[BlackFideId "12401013"]
[WhiteElo "2610"]
[BlackElo "2456"]
[Result "1-0"]
[Round "11"]
[TimeControl "180+2"]
[Date "2023.06.27"]
[WhiteClock "0:00:22"]
[BlackClock "0:00:02"]
[Board "57"]

1. d4 Nf6 2. Nc3 d5 3. Bf4 g6 4. e3 Bg7 5. Nb5 Na6 6. Nc3 O-O 7. Bxa6 bxa6 8. Be5 c5 9. dxc5 Qa5 10. Qd4 Bf5 11. Ne2 Bxc2 12. O-O Rfd8 13. Rfc1 Bf5 14. a3 Rdc8 15. b4 Qd8 16. Nf4 e6 17. h3 h5 18. Nfe2 Ne8 19. Bxg7 Nxg7 20. Ng3 Qe7 21. e4 dxe4 22. Ncxe4 e5 23. Qd6 Qe6 24. Qxe6 Bxe6 25. Rd1 Rc6 26. Rd6 Rac8 27. Rad1 h4 28. Nf6+ Kf8 29. Nge4 Ke7 30. Ng8+ Kf8 31. Rxc6 Rxc6 32. Rd8+ Ne8 33. Ngf6 Rc8 34. Nd7+ Bxd7 35. Rxd7 Rc7 36. Rd8 Ke7 37. Ra8 f5 38. Ng5 a5 39. Nf3 axb4 40. axb4 e4 41. Nxh4 Rc6 42. Rxa7+ Kf6 43. g4 f4 44. Ng2 g5 45. h4 f3 46. hxg5+ Kxg5 47. Ne3 Nf6 48. Rg7+ Kf4 49. Rf7 Kg5 50. Kh2 Ra6 51. Kg3 Ra1 52. Rg7+ Kh6 53. Nf5# 1-0


[Site "https://www.chess.com"]

[Event "Titled Tuesday Blitz June 27 Late 2023"]
[White "Adewumi, Tanitoluwa"]
[Black "Mazurkiewicz, Michal"]
[WhiteFideId "30966396"]
[BlackFideId "1124943"]
[WhiteElo "2598"]
[BlackElo "2453"]
[Result "1-0"]
[Round "11"]
[TimeControl "180+2"]
[Date "2023.06.27"]
[WhiteClock "0:00:04"]
[BlackClock "0:00:00"]
[Board "58"]

1. e4 d6 2. d4 Nf6 3. Nc3 c6 4. f4 Qb6 5. Nf3 Bg4 6. Be2 e6 7. h3 Bxf3 8. Bxf3 d5 9. e5 Nfd7 10. Na4 Qa5+ 11. c3 b5 12. Nc5 Nxc5 13. b4 Qd8 14. bxc5 Qh4+ 15. Kf1 Nd7 16. a4 Rb8 17. axb5 Rxb5 18. Rxa7 Be7 19. Qe1 Qxe1+ 20. Kxe1 Bh4+ 21. Kd1 Ke7 22. Kc2 Bg3 23. h4 Rhb8 24. Rh3 Bf2 25. g4 Ke8 26. h5 Rb1 27. Rh2 Bg3 28. Rg2 Rxc1+ 29. Kxc1 Bxf4+ 30. Kc2 h6 31. Rg1 g6 32. Rga1 gxh5 33. gxh5 Nf8 34. Rc7 1-0


[Site "https://www.chess.com"]

[Event "Titled Tuesday Blitz June 27 Late 2023"]
[White "Nunez V, Gustavo Eduardo"]
[Black "lagarto93"]
[WhiteFideId "4403690"]
[WhiteElo "2452"]
[BlackElo "2577"]
[Result "1-0"]
[Round "11"]
[TimeControl "180+2"]
[Date "2023.06.27"]
[WhiteClock "0:01:43"]
[BlackClock "0:01:52"]
[Board "59"]

1. e4 e6 2. d3 c5 3. Bd2 Nc6 4. c3 g6 5. g3 Bg7 6. Bg2 Nge7 7. Ne2 O-O 8. O-O d6 9. Na3 b6 10. Nc4 Bb7 11. f4 Qd7 12. a4 f5 13. Qc2 d5 14. Ne3 fxe4 15. dxe4 d4 16. cxd4 Nxd4 17. Nxd4 cxd4 18. Nc4 Rac8 19. Qd3 Ba6 20. Rfc1 Rc7 21. Bf1 Rfc8 22. b3 e5 23. fxe5 Nc6 24. Qf3 Kh8 25. Nxb6 axb6 26. Bxa6 Rf8 27. Qe2 Nxe5 28. Rxc7 Qxc7 29. Rc1 Qd7 30. Rf1 Rd8 31. Bb5 d3 32. Qf2 Ng4 33. Qf4 Be5 34. Bxd7 Bxf4 35. Rxf4 1-0


[Site "https://www.chess.com"]

[Event "Titled Tuesday Blitz June 27 Late 2023"]
[White "JERO-8914"]
[Black "Ambartsumova, Karina"]
[BlackFideId "4166299"]
[WhiteElo "2450"]
[BlackElo "2556"]
[Result "0-1"]
[Round "11"]
[TimeControl "180+2"]
[Date "2023.06.27"]
[WhiteClock "0:00:14"]
[BlackClock "0:00:34"]
[Board "60"]

1. c4 Nf6 2. Nc3 g6 3. d4 Bg7 4. e4 d6 5. Be2 O-O 6. Nf3 a6 7. h3 c6 8. O-O b5 9. b3 b4 10. Na4 Nxe4 11. Bb2 d5 12. Re1 a5 13. c5 Ba6 14. Nb6 Ra7 15. Bxa6 Nxa6 16. a3 Naxc5 17. axb4 Nxb3 18. Qxb3 Qxb6 19. Qa2 Qxb4 20. Ba3 Qb7 21. Rab1 Qd7 22. Rec1 Rb7 23. Rxb7 Qxb7 24. Qc2 Rc8 25. Qa4 Qc7 26. Qc2 Nd6 27. Re1 Bf6 28. Rb1 Nc4 29. Bc5 Rb8 30. Ra1 Rb2 31. Qc3 Qf4 32. g3 Qf5 33. Kg2 Kg7 34. Rxa5 Rc2 35. Qb4 Ne3+ 0-1


[Site "https://www.chess.com"]

[Event "Titled Tuesday Blitz June 27 Late 2023"]
[White "micke12a"]
[Black "D`Arruda, Ricardo D."]
[BlackFideId "100692"]
[WhiteElo "2375"]
[BlackElo "2545"]
[Result "0-1"]
[Round "11"]
[TimeControl "180+2"]
[Date "2023.06.27"]
[WhiteClock "0:02:03"]
[BlackClock "0:01:55"]
[Board "61"]

1. e4 c5 2. Nf3 Nc6 3. d4 cxd4 4. Nxd4 e5 5. Nb5 a6 6. Nd6+ Bxd6 7. Qxd6 Qe7 8. Qd1 Nf6 9. Nc3 d6 10. Bg5 Be6 11. Qd2 O-O 12. O-O-O Rfd8 13. f3 h6 14. Bxf6 Qxf6 15. Nd5 Bxd5 16. Qxd5 Rac8 17. a3 Nd4 18. Bc4 Rc5 19. Rxd4 exd4 20. e5 Qg5+ 0-1


[Site "https://www.chess.com"]

[Event "Titled Tuesday Blitz June 27 Late 2023"]
[White "Hajiyev, Kanan"]
[Black "Bernado Lopez, Roger"]
[WhiteFideId "13404148"]
[BlackFideId "24585009"]
[WhiteElo "2542"]
[BlackElo "2375"]
[Result "1-0"]
[Round "11"]
[TimeControl "180+2"]
[Date "2023.06.27"]
[WhiteClock "0:00:12"]
[BlackClock "0:00:03"]
[Board "62"]

1. d4 d5 2. Nf3 Nf6 3. c4 e6 4. cxd5 exd5 5. Nc3 c6 6. Bg5 Bf5 7. Rc1 Be7 8. e3 Nbd7 9. Nh4 Be6 10. Nf3 Bf5 11. Nh4 Be6 12. Bd3 h6 13. Bxf6 Nxf6 14. Nf5 O-O 15. Nxe7+ Qxe7 16. O-O Rfe8 17. a3 a6 18. Qf3 Bg4 19. Qg3 Qd7 20. Na4 Qd8 21. Nc5 Bc8 22. b4 Qe7 23. h3 Nh5 24. Qf3 Nf6 25. a4 Nd7 26. a5 Nf6 27. Kh1 Ne4 28. Bxe4 dxe4 29. Qf4 g5 30. Qg3 Kh7 31. Rc3 h5 32. f3 h4 33. Qf2 exf3 34. Qxf3 f5 35. Qh5+ Kg7 36. Nd3 Rh8 37. Qe2 Be6 38. Rc5 Raf8 39. e4 Bd5 40. Rxd5 cxd5 41. e5 f4 42. Qg4 Kh6 43. Nc5 Qf7 44. e6 Qf6 45. Nd7 Qxd4 46. Nxf8 Rxf8 47. e7 Re8 48. Qe6+ Kg7 49. Rc1 Qf6 50. Qxd5 Rxe7 51. Kh2 f3 52. Qxf3 Qxf3 53. gxf3 Re2+ 54. Kg1 Kf6 55. Rc7 Re7 56. Rc5 Re5 57. Rc7 Rb5 58. Rc4 Ke5 59. Kf2 Rd5 60. Rg4 Kf5 61. f4 gxf4 62. Rxh4 Ke4 63. Rh7 Rd2+ 64. Ke1 Rh2 65. Re7+ Kf3 66. Rxb7 Rxh3 67. Rb6 Rh1+ 68. Kd2 Rh2+ 69. Kd3 Kg2 70. Rg6+ Kf1 71. Rxa6 f3 72. Rf6 f2 73. a6 Ke1 74. b5 Rh3+ 75. Kc4 f1=Q+ 76. Rxf1+ Kxf1 77. b6 Rh4+ 78. Kd3 Rh3+ 79. Ke4 Rh4+ 80. Kf5 Rb4 81. a7 Rxb6 82. a8=Q Rb5+ 83. Ke4 Rb4+ 84. Kd3 Rf4 85. Qh1+ Kf2 86. Qh2+ Kf3 87. Qh3+ Kf2 88. Qe3+ Kg2 89. Qxf4 Kh1 90. Qg4 Kh2 91. Ke3 Kh1 92. Kf2 Kh2 93. Qh4# 1-0


[Site "https://www.chess.com"]

[Event "Titled Tuesday Blitz June 27 Late 2023"]
[White "Chor, Kevin"]
[Black "Rakitic2010"]
[WhiteFideId "2090740"]
[WhiteElo "2535"]
[BlackElo "2363"]
[Result "0-1"]
[Round "11"]
[TimeControl "180+2"]
[Date "2023.06.27"]
[WhiteClock "0:00:11"]
[BlackClock "0:00:43"]
[Board "63"]

1. e4 c5 2. Nf3 e6 3. d4 cxd4 4. Nxd4 a6 5. Nc3 Qc7 6. Bd3 Nf6 7. O-O Nc6 8. Nxc6 dxc6 9. Bg5 Be7 10. Qe2 e5 11. h3 O-O 12. Rad1 h6 13. Bh4 Be6 14. Kh1 Rad8 15. f4 exf4 16. e5 Nd5 17. Qe4 g6 18. Bxe7 Qxe7 19. Nxd5 Rxd5 20. Qxf4 Rfd8 21. Qxh6 Bf5 22. Rde1 Bxd3 23. cxd3 Rxe5 24. Rd1 Qe6 25. Rf4 Re1+ 26. Rxe1 Qxe1+ 27. Kh2 Rxd3 28. Qg5 Rd1 29. Rf3 Qg1+ 30. Kg3 Qe1+ 31. Kh2 Qg1+ 32. Kg3 Qd4 33. b3 Rd2 34. h4 Qd6+ 35. Kh3 Qe6+ 36. Kh2 Rd5 37. Qg3 Qe4 38. Rf4 Qe5 39. Kh3 Kg7 40. Qf3 Qe6+ 41. Kh2 Rf5 42. Qc3+ Qf6 43. Qxf6+ Kxf6 44. Rb4 b5 45. a4 Ke5 46. axb5 axb5 47. Rg4 Rf4 48. Rg5+ Rf5 49. Rg4 Rf4 50. Rg5+ Kd6 51. Kg3 Rb4 52. h5 Rxb3+ 53. Kf4 Rb4+ 54. Ke3 gxh5 55. Rxh5 Rg4 56. Kf3 Rg6 57. Rf5 Ke6 58. Rc5 Kd6 59. Rc2 c5 60. g4 c4 61. Kf4 Kc5 62. Kf5 b4 63. g5 b3 64. Rc1 Kb4 65. Re1 Re6 66. Rxe6 fxe6+ 67. Kxe6 b2 68. g6 b1=Q 69. g7 Qg6+ 70. Ke7 Qxg7+ 71. Ke8 c3 72. Kd8 c2 73. Ke8 c1=Q 74. Kd8 Qcc7+ 75. Ke8 Qcd7# 0-1


[Site "https://www.chess.com"]

[Event "Titled Tuesday Blitz June 27 Late 2023"]
[White "The_Straightforward_Rook"]
[Black "Estrada Nieto, Julian"]
[BlackFideId "5101018"]
[WhiteElo "2363"]
[BlackElo "2525"]
[Result "1/2-1/2"]
[Round "11"]
[TimeControl "180+2"]
[Date "2023.06.27"]
[WhiteClock "0:00:19"]
[BlackClock "0:00:14"]
[Board "64"]

1. Nf3 d5 2. c4 d4 3. b4 c5 4. g3 cxb4 5. a3 bxa3 6. Bxa3 Nc6 7. d3 g6 8. Nbd2 Bg7 9. Nb3 Nh6 10. Bg2 O-O 11. O-O Rb8 12. Bb2 Nf5 13. g4 Nd6 14. Nbxd4 Nxd4 15. Bxd4 Bxg4 16. Bxg7 Kxg7 17. Rxa7 Nf5 18. Qa1+ Kg8 19. Rb1 Bxf3 20. Bxf3 Nd4 21. Raxb7 Rxb7 22. Rxb7 Nxf3+ 23. exf3 Qxd3 24. Rxe7 Qxf3 25. Qd4 Ra8 26. Re1 h5 27. c5 Rc8 28. Re3 Qf5 29. h4 Qg4+ 30. Qxg4 hxg4 31. Rc3 f5 32. Kg2 Kf7 33. Kg3 Ke6 34. Kf4 Kd5 35. Kg5 Rc6 36. h5 gxh5 37. Kxf5 Kd4 38. Rc1 Kd3 39. Kg5 Ke2 40. Kxh5 Kxf2 41. Kxg4 Ke3 42. Kf5 Kd4 43. Kf4 Rxc5 44. Rxc5 Kxc5 1/2-1/2


[Site "https://www.chess.com"]

[Event "Titled Tuesday Blitz June 27 Late 2023"]
[White "BrandonJiang123456"]
[Black "Tissir, Mohamed"]
[BlackFideId "9000240"]
[WhiteElo "2244"]
[BlackElo "2521"]
[Result "0-1"]
[Round "11"]
[TimeControl "180+2"]
[Date "2023.06.27"]
[WhiteClock "0:00:02"]
[BlackClock "0:01:16"]
[Board "65"]

1. e4 c5 2. Nf3 d6 3. Bb5+ Nd7 4. d4 cxd4 5. Qxd4 Qc7 6. Nc3 e6 7. Bg5 a6 8. Bxd7+ Bxd7 9. O-O-O Rc8 10. Qd3 Nf6 11. Rhe1 Be7 12. e5 dxe5 13. Nxe5 Bc6 14. Qe3 O-O 15. g4 Nd5 16. Rxd5 Bxd5 17. Bxe7 Qxe7 18. f4 Rfd8 19. g5 b5 20. Nxd5 Rxd5 21. h4 Qd6 22. h5 Rd8 23. Nd3 g6 24. h6 Rc8 25. Kb1 a5 26. Qd2 b4 27. Re3 a4 28. Qe1 b3 29. axb3 axb3 30. cxb3 Rxd3 31. Rxd3 Qxd3+ 32. Ka2 Ra8+ 0-1


[Site "https://www.chess.com"]

[Event "Titled Tuesday Blitz June 27 Late 2023"]
[White "Howell, David W L"]
[Black "Prydun, Andriy"]
[WhiteFideId "410608"]
[BlackFideId "14145898"]
[WhiteElo "2994"]
[BlackElo "2403"]
[Result "1-0"]
[Round "11"]
[TimeControl "180+2"]
[Date "2023.06.27"]
[WhiteClock "0:00:11"]
[BlackClock "0:00:01"]
[Board "66"]

1. e4 c5 2. Nc3 d6 3. d4 cxd4 4. Qxd4 a6 5. b3 Nc6 6. Qd2 g6 7. Bb2 Bg7 8. O-O-O b5 9. Nge2 Bb7 10. f3 Rc8 11. h4 h5 12. Kb1 Kf8 13. Nd5 Qa5 14. Bxg7+ Kxg7 15. Qc1 Nb4 16. Qb2+ Kh7 17. Nxb4 Qxb4 18. Nf4 Nf6 19. Be2 Rc7 20. Rd4 Qc5 21. Nd3 Qb6 22. e5 Nd5 23. exd6 Nc3+ 24. Ka1 exd6 25. Rf4 Nxe2 26. Rf6 Qd4 27. Re1 Kg7 28. Rxd6 Qxb2+ 29. Kxb2 Nc3 30. Nf4 Rhc8 31. Rd2 b4 32. a4 bxa3+ 33. Kxa3 Nb5+ 34. Kb2 Nc3 35. Re5 f6 36. Ne6+ Kh6 37. Ra5 Re7 38. Nc5 Nb5 39. Na4 Nc7 40. c4 Ne6 41. Nb6 Rb8 42. Rd6 Rc8 43. Kc3 Rd8 44. Rxd8 Nxd8 45. Ra2 Nc6 46. b4 Ne5 47. Rd2 g5 48. hxg5+ Kxg5 49. Rd4 h4 50. f4+ Kf5 51. fxe5 Bxg2 52. Rxh4 fxe5 53. Kd2 e4 54. Ke3 Bf3 55. Nd5 Re8 56. Rh7 Rd8 57. Rf7+ Ke6 58. Re7+ Kd6 59. Ra7 Rc8 60. Rxa6+ Ke5 61. Nb6 Rc6 62. Nd7+ Kd6 63. Rxc6+ Kxc6 64. Ne5+ 1-0


[Site "https://www.chess.com"]

[Event "Titled Tuesday Blitz June 27 Late 2023"]
[White "Figorito, Nick"]
[Black "Ozates, Tuna"]
[WhiteFideId "30923689"]
[BlackFideId "6354521"]
[WhiteElo "2418"]
[BlackElo "2556"]
[Result "1-0"]
[Round "11"]
[TimeControl "180+2"]
[Date "2023.06.27"]
[WhiteClock "0:00:10"]
[BlackClock "0:00:07"]
[Board "67"]

1. Nf3 f5 2. e4 fxe4 3. Ng5 Nf6 4. d3 exd3 5. Bxd3 g6 6. h4 e5 7. h5 e4 8. Nxe4 Nxe4 9. Bxe4 Qe7 10. O-O Bg7 11. hxg6 O-O 12. gxh7+ Kh8 13. Bd3 d5 14. c4 dxc4 15. Bxc4 Nc6 16. Nc3 Nd4 17. Be3 Qh4 18. g3 Qd8 19. Bxd4 Bxd4 20. Nb5 c5 21. Nxd4 cxd4 22. Bd3 Bh3 23. Re1 Qg5 24. Bf1 Bg4 25. Qxd4+ Kxh7 26. Bd3+ Kh6 27. Qe3 Bf3 28. Qxg5+ Kxg5 29. Be4 Bg4 30. Bxb7 Rab8 31. Re7 Rh8 32. f4+ Kf6 33. Rc7 Rxb7 34. Rxb7 Bf3 35. Rxa7 Kf5 36. Kf2 Bd5 37. Re1 Rh2+ 38. Ke3 Rxb2 39. Kd4 Bf3 40. Re5+ Kg4 41. Rg5+ Kh3 42. Rh7+ Kg2 43. Ra7 Kf2 44. a4 Rd2+ 45. Kc3 Rd8 46. a5 Ke3 47. a6 Rc8+ 48. Kb4 Rb8+ 49. Rb5 Rc8 50. Ka5 Be2 51. Rab7 Rc1 52. a7 Ra1+ 53. Kb6 1-0


[Site "https://www.chess.com"]

[Event "Titled Tuesday Blitz June 27 Late 2023"]
[White "Arnold, Ken"]
[Black "Peycheva, Gergana"]
[WhiteFideId "2056836"]
[BlackFideId "2916711"]
[WhiteElo "2397"]
[BlackElo "2506"]
[Result "0-1"]
[Round "11"]
[TimeControl "180+2"]
[Date "2023.06.27"]
[WhiteClock "0:00:38"]
[BlackClock "0:01:17"]
[Board "68"]

1. d4 Nf6 2. g3 e6 3. Bg2 d5 4. c3 Be7 5. Nf3 O-O 6. O-O b6 7. Bg5 Bb7 8. Nbd2 c5 9. Re1 h6 10. Bxf6 Bxf6 11. e4 dxe4 12. Nxe4 cxd4 13. Nxf6+ Qxf6 14. Nxd4 Bxg2 15. Kxg2 Rd8 16. Qf3 Nd7 17. Rad1 Nc5 18. Nc6 Qxf3+ 19. Kxf3 Re8 20. b4 Na4 21. Re3 Rac8 22. b5 a6 23. Rd7 Kf8 24. c4 Nb2 25. Kg2 Nxc4 26. Rf3 f6 27. a4 axb5 28. axb5 Ra8 29. Rf4 Na5 30. Rg4 Nxc6 31. bxc6 Re7 32. Rxe7 Kxe7 33. Rxg7+ Kd6 34. Rg6 b5 35. Rxf6 b4 36. Rf3 Kxc6 37. Re3 Kd5 38. h4 Ra3 39. Re1 b3 40. g4 b2 41. Rb1 Rb3 42. g5 hxg5 43. hxg5 Kc4 44. f4 Kc3 45. Rf1 b1=Q 46. Rxb1 Rxb1 47. Kf3 Kd4 0-1


[Site "https://www.chess.com"]

[Event "Titled Tuesday Blitz June 27 Late 2023"]
[White "Romero Ruscalleda, Josep"]
[Black "Toniutti, Ezio"]
[WhiteFideId "2231859"]
[BlackFideId "113034"]
[WhiteElo "2382"]
[BlackElo "2468"]
[Result "0-1"]
[Round "11"]
[TimeControl "180+2"]
[Date "2023.06.27"]
[WhiteClock "0:01:34"]
[BlackClock "0:01:28"]
[Board "69"]

1. e4 e5 2. Nf3 Nc6 3. Bc4 Nf6 4. d4 exd4 5. e5 d5 6. Bb5 Ne4 7. Nxd4 Bc5 8. Be3 O-O 9. Bxc6 bxc6 10. O-O Bd7 11. Nd2 Nxd2 12. Qxd2 Qe7 13. Rfe1 Qxe5 14. Nxc6 Bxe3 15. Nxe5 Bxd2 16. Nxd7 Bxe1 17. Nxf8 Bb4 18. Nd7 Bd6 19. Re1 f6 20. c4 dxc4 21. Rd1 Rd8 22. Nc5 Bxh2+ 23. Kxh2 Rxd1 0-1


[Site "https://www.chess.com"]

[Event "Titled Tuesday Blitz June 27 Late 2023"]
[White "Remolar Gallen, Jose"]
[Black "Baches Garcia, Guillermo"]
[WhiteFideId "2215187"]
[BlackFideId "2209764"]
[WhiteElo "2443"]
[BlackElo "2461"]
[Result "1/2-1/2"]
[Round "11"]
[TimeControl "180+2"]
[Date "2023.06.27"]
[WhiteClock "0:00:12"]
[BlackClock "0:00:09"]
[Board "70"]

1. e4 d5 2. exd5 Qxd5 3. Nc3 Qa5 4. d4 Nf6 5. Bc4 Bg4 6. f3 Bd7 7. Ne2 e6 8. Bd2 Qb6 9. O-O Nc6 10. Be3 Nb4 11. Nf4 Bd6 12. Re1 Bxf4 13. Bxf4 O-O-O 14. a4 a5 15. Nb5 Nbd5 16. Be5 Bxb5 17. axb5 Ne7 18. c3 Nf5 19. Qa4 Nd5 20. Qxa5 Qxa5 21. Rxa5 Kd7 22. Ra7 Rb8 23. Bd3 f6 24. Bg3 Nxg3 25. hxg3 h5 26. c4 Nb6 27. b3 h4 28. gxh4 Rxh4 29. Re4 Rh5 30. Rg4 g5 31. f4 Nc8 32. Ra1 Nd6 33. Bg6 Rh6 34. Bd3 gxf4 35. Rxf4 f5 36. Re1 Rg8 37. c5 Nf7 38. d5 Ng5 39. dxe6+ Nxe6 40. Bxf5 Re8 41. Rd4+ Ke7 42. Rde4 Kf7 43. g4 Ng7 44. Rxe8 Nxe8 45. Rd1 Nf6 46. g5 Rh5 47. gxf6 Rxf5 48. Rd7+ Kxf6 49. Rxc7 b6 50. Rc6+ Ke7 51. Rc7+ Kd8 52. cxb6 Rxb5 53. Rc6 Rxb3 54. Kf2 Kd7 55. Rh6 Kc8 56. Ke2 Kb7 57. Kd2 Rb2+ 58. Kc3 Rxb6 59. Rh7+ Ka6 60. Kc4 Rc6+ 61. Kd5 Rg6 62. Rc7 Rg5+ 63. Kc4 Rg4+ 64. Kb3 Rg3+ 65. Kc2 Rg2+ 66. Kd3 Rg3+ 67. Ke4 Rg6 68. Kf5 Rb6 69. Rc3 Rb5+ 70. Ke6 Rh5 71. Ra3+ Kb5 72. Rb3+ Ka6 73. Ra3+ Kb5 74. Rb3+ Ka6 75. Ra3+ 1/2-1/2


[Site "https://www.chess.com"]

[Event "Titled Tuesday Blitz June 27 Late 2023"]
[White "whiteglovethief"]
[Black "Perez Torres, Nabi Isaias"]
[BlackFideId "5120373"]
[WhiteElo "2459"]
[BlackElo "2339"]
[Result "1-0"]
[Round "11"]
[TimeControl "180+2"]
[Date "2023.06.27"]
[WhiteClock "0:01:17"]
[BlackClock "0:00:00"]
[Board "71"]

1. d4 Nf6 2. c4 g6 3. Nc3 Bg7 4. e4 d6 5. Nf3 O-O 6. Be2 e5 7. O-O exd4 8. Nxd4 Re8 9. f3 Nc6 10. Nc2 Nh5 11. Kh1 Be5 12. f4 Bxc3 13. bxc3 Nf6 14. e5 dxe5 15. Qxd8 Rxd8 16. fxe5 Ng4 17. Bxg4 Bxg4 18. Bf4 Be2 19. Rfe1 Bxc4 20. a3 Rd3 21. Nb4 Rxc3 22. Nxc6 bxc6 23. Bg5 Rb8 24. Bf6 Bd5 25. e6 Rc2 26. e7 Re8 27. Rad1 Bxg2+ 28. Kg1 Bd5 29. Rb1 Be6 30. Red1 Bd5 31. Rb7 Rg2+ 32. Kf1 Rg4 33. Rd2 Rf4+ 34. Rf2 Rxf2+ 35. Kxf2 h5 36. Rxc7 Kh7 37. Rd7 c5 38. Rxd5 g5 39. Rd8 1-0


[Site "https://www.chess.com"]